AoeStats
← UnknøwnPlayer

Black Forest

506957961Analyzed
3v3 RM · 15d ago on Sep 15, 2026· 45m 49s· 6 players
Game mode
Random Map
Map size
Normal (6 player)
Population
200
Speed
Normal
Resources
Standard
Victory
Conquest
Starting age
Dark Age
Ending age
Imperial Age
RankedLock teamsTeams togetherTeam positionsShared explorationLock speedFull tech treeHidden civsTurbo modeCheats
Victory
Defeat
🇨🇦 Bohemians · Canada
1146
+14
🇨🇦 Franks · Canada
1145
+14
🇨🇦 Turks · Canada
1145
+14
🇲🇽 Maya · Mexico
1203
-17
🇨🇱 Italians · Chile
1193
-36
🇨🇱 Franks · Chile
911
-7
Dradis
0:31 Loom
12:51 Feudal Age
16:53 Castle Age
21:37 Imperial Age
19:40 Horse Collar
19:46 Double-Bit Axe
23:06 Padded Archer Armor
28:00 Leather Archer Armor
29:57 Ring Archer Armor
32:33 Caravan
Mr. Snrub
0:26 Loom
11:57 Feudal Age
16:29 Castle Age
15:21 Double-Bit Axe
21:12 Wheelbarrow
23:33 Pikeman
25:31 Husbandry
28:01 Squires
28:49 Forging
28:44 Scale Barding Armor
33:28 Caravan
39:29 Imperial Age
38:11 Scale Barding Armor
39:26 Caravan
39:41 Halberdier
40:24 Scale Mail Armor
40:25 Cavalier
45:17 Chivalry
45:38 Conscription
The Toope
0:26 Loom
12:12 Feudal Age
15:49 Double-Bit Axe
18:26 Castle Age
16:14 Horse Collar
19:25 Bow Saw
22:38 Wheelbarrow
25:44 Padded Archer Armor
26:12 Fletching
26:26 Heavy Plow
28:31 Bodkin Arrow
33:32 Imperial Age
32:53 Chemistry
32:19 Caravan
35:12 Leather Archer Armor
37:10 Hand Cart
38:00 Elite Skirmisher
40:14 Two-Man Saw
39:20 Bracer
39:45 Ballistics
41:04 Bracer
41:35 Ring Archer Armor
41:41 Masonry
42:45 Squires
42:05 Pikeman
42:46 Scale Mail Armor
46:13 Forging
wowmiqui
5:56 Loom
13:13 Feudal Age
14:23 Gold Mining
14:44 Double-Bit Axe
22:10 Castle Age
21:41 Wheelbarrow
22:04 Forging
22:00 Scale Barding Armor
25:04 Husbandry
26:07 Hand Cart
43:25 Bow Saw
42:49 Pikeman
44:00 Squires
43:51 Arson
UnknøwnPlayer
1:08 Loom
10:21 Feudal Age
14:53 Castle Age
13:27 Double-Bit Axe
14:01 Gold Mining
15:56 Scale Barding Armor
18:38 Wheelbarrow
20:56 Horse Collar
22:18 Bloodlines
23:04 Chain Barding Armor
23:23 Husbandry
24:31 Forging
26:33 Iron Casting
35:26 Imperial Age
33:14 Fletching
33:25 Padded Archer Armor
33:32 Town Watch
33:39 Stone Mining
35:20 Stone Shaft Mining
35:33 Hand Cart
35:29 Cavalier
36:46 Plate Barding Armor
37:12 Blast Furnace
36:45 Fortified Wall
37:33 Heavy Plow
39:35 Treadmill Crane
40:47 Conscription
BeuN AZRAEL
0:27 Loom
13:20 Feudal Age
17:48 Castle Age
19:11 Double-Bit Axe
22:05 Fletching
28:40 Horse Collar
32:04 Wheelbarrow
31:41 Heavy Plow
35:04 Imperial Age
32:39 Bodkin Arrow
34:30 Padded Archer Armor
37:09 Chemistry
36:12 Bracer
38:04 Gold Mining
38:02 Crossbowman
39:21 Forging
42:07 Scale Mail Armor
43:46 Iron Casting
43:27 Chain Mail Armor
45:31 Blast Furnace
45:58 Plate Mail Armor
Connection lost

Rejoining the realm…

Still unreachable

The connection could not be restored.

Session expired

The server has moved on; the page needs a fresh start.